 Dungeon Crawl Stone Soup version 0.29.1-15-g9cfb28693d (webtiles) character file.

Game seed: 4795504839035091171

806 Gabide the Skirmisher (level 7, -9/42 HPs)
             Began as a Deep Elf Hunter on Mar 26, 2023.
             Killed by an exploding acid dragon (28 damage)
             ... ignited by their inner flame
             ... on level 6 of the Dungeon.
             The game lasted 00:07:55 (5251 turns).

Gabide the Skirmisher (Deep Elf Hunter)             Turns: 5251, Time: 00:07:55

Health: -9/42      AC:  2    Str:  8    XL:     7   Next: 60%
Magic:  9/9        EV: 14    Int: 14    God:
Gold:   331        SH:  0    Dex: 20    Spells: 6/6 levels left

rFire   . . .      SeeInvis .   q - +0 longbow (freeze)
rCold   . . .      Faith    .   (shield currently unavailable)
rNeg    . . .      Spirit   .   c - +0 leather armour
rPois   .          Reflect  .   l - +0 helmet
rElec   .          Harm     .   w - +0 cloak {Will+}
rCorr   .          Rampage  .   i - +0 pair of gloves
Will    +....                   (no boots)
Stlth   ++........              g - amulet of the acrobat
HPRegen 0.14/turn               (no ring)
MPRegen 0.11/turn               (no ring)

@: corroded
A: no striking features
a: no special abilities


You were on level 6 of the Dungeon.
You visited 1 branch of the dungeon, and saw 6 of its levels.

You collected 331 gold pieces.

Inventory:

Hand Weapons
 a - a +0 shortbow
 q - a +0 longbow of freezing (weapon)
Armour
 c - a +0 leather armour (worn)
 i - a +0 pair of gloves (worn)
 l - a +0 helmet (worn)
 w - a +0 cloak of willpower (worn)
Jewellery
 g - an amulet of the acrobat (around neck)
Wands
 v - a wand of flame (17)
Scrolls
 b - a scroll of immolation
 j - 2 scrolls of amnesia
 n - a scroll of blinking
 s - a scroll of teleportation
 t - 2 scrolls of magic mapping
 u - a scroll of brand weapon {unknown}
Potions
 d - 7 potions of curing
 e - a potion of attraction {unknown}
 f - 2 potions of flight
 h - a potion of might {unknown}
 k - a potion of berserk rage {unknown}
 m - 2 potions of ambrosia
 o - 2 potions of cancellation {unknown}
 p - a potion of degeneration {unknown}
 r - a potion of haste {unknown}


   Skills:
 + Level 3.8 Fighting
 * Level 9.6 Ranged Weapons
 + Level 5.5 Dodging
 - Level 1.2 Stealth


You had 6 spell levels left.
You didn't know any spells.
Your spell library contained the following spells:

 Spells                   Type           Power      Damage    Failure   Level
 Necrotise                Necr           0%         1d4       38%         1
 Summon Small Mammal      Summ           0%         N/A       38%         1
 Sublimation of Blood     Necr           0%         N/A       54%         2
 Wereblood                Tmut           0%         N/A       54%         2
 Call Canine Familiar     Summ           0%         N/A       77%         3
 Summon Guardian Golem    Hex/Summ       0%         N/A       77%         3
 Vampiric Draining        Necr           0%         2d6       77%         3
 Agony                    Necr           0%         N/A       100%        5
 Summon Hydra             Summ           0%         N/A       100%        7


Dungeon Overview and Level Annotations

Branches:
Dungeon (6/15)             Temple (0/1) D:5

Altars:
Dithmenos
Gozag
Kikubaaqudgha
Nemelex Xobeh
Xom
Yredelemnul
The Shining One


Message History

You are too injured to fight recklessly!
Okay, then.
Read: 2 scrolls of immolation
Press: ? - help, Dir - look around, f - activate Look: an acid dragon (catching its breath, susceptible)
As you read the scroll of immolation, it crumbles to dust.
The creatures around you are filled with an inner flame!
Fire: q) +0 longbow (freeze)
Press: ? - help, Q - select action, (/) - cycle Shift-Dir - straight line, f/p - acid dragon
Aim: an acid dragon (inner flame, catching its breath, 65% to hit)
You shoot an arrow.
The arrow closely misses the acid dragon.
Fire: q) +0 longbow (freeze)
Press: ? - help, Q - select action, (/) - cycle Shift-Dir - straight line, f/p - acid dragon
Aim: an acid dragon (inner flame, catching its breath, 65% to hit)
You shoot an arrow. The arrow hits the acid dragon!
Flame seeps out of the acid dragon.
The arrow freezes the acid dragon.
Flame seeps out of the acid dragon.
The acid dragon is heavily wounded.
The acid dragon is engulfed in blazing flames.
Flame seeps out of the acid dragon.
Fire: q) +0 longbow (freeze)
Press: ? - help, Q - select action, (/) - cycle Shift-Dir - straight line, f/p - acid dragon
Aim: an acid dragon (almost dead, inner flame, 65% to hit)
You shoot an arrow.
The arrow barely misses the acid dragon.
Fire: q) +0 longbow (freeze)
Press: ? - help, Q - select action, (/) - cycle Shift-Dir - straight line, f/p - acid dragon
Aim: an acid dragon (almost dead, inner flame, 65% to hit)
You shoot an arrow.
The arrow closely misses the acid dragon.
Fire: q) +0 longbow (freeze)
Press: ? - help, Q - select action, (/) - cycle Shift-Dir - straight line, f/p - acid dragon
Aim: an acid dragon (almost dead, inner flame, 65% to hit)
You shoot an arrow. The arrow hits the acid dragon.
The arrow freezes the acid dragon.
The acid dragon explodes!
The fiery explosion engulfs you!!
Ouch! That really hurt!
You die...

### #######.########
...............#
######.####.#.#
#####.####.#.#
#####..........)..
#######|....###.####.#..
#.....§@....# .... #.#..
#.#####§§...#......#.#..
#§§...+......#.#..
#.....#......#.#..
.......###+####.#..
#.......# #......
#........ ..#.#..
........# #.#..
...###.#..


There were no monsters in sight!

Vanquished Creatures
  An acid dragon (D:6)
  A sky beast (D:6)
  2 ogres (D:4)
  A scorpion (D:5)
  4 jellies
  3 hounds (D:5)
  Crazy Yiuf (D:3)
  2 iguanas
  Robin (D:2)
  6 adders
  2 worms
  5 dart slugs
  12 orcs
  3 bat skeletons (D:5)
  4 bat zombies (D:5)
  11 endoplasms
  A giant cockroach (D:3)
  10 goblins (D:2)
  13 hobgoblins
  6 jackals
  7 kobolds
  5 quokkas
  8 ball pythons
  4 bats (D:1)
  3 frilled lizards
  9 rats
125 creatures vanquished.

Notes
Turn   | Place    | Note
-------+----------+-------------------------------------------
     0 | D:1      | Gabide the Deep Elf Hunter began the quest for the Orb.
     0 | D:1      | Reached XP level 1. HP: 12/12 MP: 3/3
    69 | D:1      | Reached XP level 2. HP: 17/17 MP: 4/4
   488 | D:1      | Reached skill level 6 in Ranged Weapons
   742 | D:1      | Reached XP level 3. HP: 21/21 MP: 5/5
  1114 | D:2      | Noticed Robin
  1268 | D:2      | Killed Robin
  1269 | D:2      | Reached XP level 4. HP: 26/26 MP: 6/6
  1330 | D:2      | Found a basalt altar of Yredelemnul.
  2006 | D:3      | Identified the +0 scale mail of Weirdness {+Inv rPois rC++
                  | Int-3}
  2022 | D:3      | Found a faded altar of an unknown god.
  2407 | D:3      | Found a runed translucent door.
  2408 | D:3      | Noticed Crazy Yiuf
  2592 | D:3      | Found an opulent altar of Gozag.
  2592 | D:3      | Found a sparkling altar of Nemelex Xobeh.
  2722 | D:3      | Found a glowing golden altar of the Shining One.
  2827 | D:3      | Killed Crazy Yiuf
  2828 | D:3      | Reached skill level 7 in Ranged Weapons
  2828 | D:3      | Reached XP level 5. HP: 15/31 MP: 7/7
  3295 | D:4      | Noticed an ogre
  3300 | D:4      | Killed an ogre
  3301 | D:4      | Reached XP level 6. HP: 36/36 MP: 8/8
  3557 | D:4      | Found a shadowy altar of Dithmenos.
  3574 | D:4      | Reached skill level 8 in Ranged Weapons
  3963 | D:5      | Entered Level 5 of the Dungeon
  4048 | D:5      | Reached skill level 5 in Dodging
  4048 | D:5      | Reached XP level 7. HP: 41/41 MP: 9/9
  4180 | D:5      | Found a staircase to the Ecumenical Temple.
  4351 | D:5      | Reached skill level 9 in Ranged Weapons
  4369 | D:5      | Found a shimmering altar of Xom.
  4705 | D:5      | Found an ancient bone altar of Kikubaaqudgha.
  4746 | D:5      | Identified a scroll of acquirement
  4746 | D:5      | Acquired a +0 longbow of freezing
  5251 | D:6      | Killed by an exploding acid dragon... ignited by their
                  | inner flame

Illustrated notes

Levels and vault maps discovered:
D:1:      dpeg_arrival_solitude, layout_basic
D:2:      layout_loops_ring, basic_altar, nicolae_eternal_life, uniq_robin
D:3:      layout_loops_ring, grunt_temple_overflow_opulence,
          mainiacjoe_overflow_concentric_impassable,
          shapermc_ecumenical_altar_mp_vishouse, uniq_crazy_yiuf_cottage
D:4:      layout_basic, nicolae_dithmenos_the_darkroom
D:5:      layout_basic, dk_xom_monty_hall, kennysheep_vampire_church,
          temple_doors_e
D:6:      layout_basic

Skill      XL: |  1  2  3  4  5  6  7 |
---------------+----------------------+-----
Ranged Weapons | 6 7 8 9 |  9.6
Fighting       | 2 3 |  3.8
Dodging        | 3 4 5 |  5.5
Stealth        | |  1.2

Action                   |  1- 3 |  4- 6 |  7- 9 || total
-------------------------+-------+-------+-------++-------
 Fire: Shortbow          |   102 |   151 |    53 ||   306
       Longbow           |       |       |    12 ||    12
Evoke: Wand              |       |     4 |       ||     4
  Use: Scroll            |     4 |     8 |     3 ||    15
Armor: Leather armour    |    14 |     8 |    23 ||    45
Dodge: Dodged            |    20 |    21 |    45 ||    86
